SAA
LITTLE CAESARS HOT N READYS @ ATHLETIC CLUB KC ACADEMY
05/28/2033
 
TOP OF THE 1ST
Little Caesars Hot N Readys batting - Pitching for Athletic Club KC Academy : RHP Kamisese Alohinani
Pitching: RHP Kamisese Alohinani
Batting: RHB Víctor Hernández 0-0: Called Strike
0-1: Ground out 6-3 (Groundball, 6)
Batting: RHB Cornelio Japón 0-0: Called Strike
0-1: Foul Ball, location: 2F
0-2: Ball
1-2: Foul Ball, location: 2F
1-2: Ball
2-2: Foul Ball, location: 2F
2-2: Ball
3-2: Foul Ball, location: 2F
3-2: Base on Balls
Batting: RHB Hamilton Swan 0-0: Fly out, F3 (Popup, 3S)
Batting: SHB Roger Dorn 0-0: Called Strike
0-1: Foul Ball, location: 2F
0-2: Foul Ball, location: 2F
0-2: SINGLE (Line Drive, 6M)
Cornelio Japón to second
Batting: RHB Lloyd Raaijmakers 0-0: Ball
1-0: Ground out 4-3 (Groundball, 4)
Top of the 1st over - 0 runs, 1 hit, 0 errors, 2 left on base; Little Caesars 0 - Athletic Club KC Academy 0
BOTTOM OF THE 1ST
Athletic Club KC Academy batting - Pitching for Little Caesars Hot N Readys : LHP Étienne Leclerc
Pitching: LHP Étienne Leclerc
Batting: LHB Chi-hun Chong 0-0: Ball
1-0: Called Strike
1-1: Ball
2-1: Ground out 5-3 (Groundball, 5)
Batting: LHB Loo Liu 0-0: Called Strike
0-1: Fly out, F8 (Flyball, 8LXD)
Batting: RHB Troy Whitehurst 0-0: Called Strike
0-1: Ball
1-1: Called Strike
1-2: Fly out, F7 (Flyball, 78D)
Bottom of the 1st over - 0 runs, 0 hits, 0 errors, 0 left on base; Little Caesars 0 - Athletic Club KC Academy 0
TOP OF THE 2ND
Little Caesars Hot N Readys batting - Pitching for Athletic Club KC Academy : RHP Kamisese Alohinani
Batting: RHB Shelby Loudenslager 0-0: Called Strike
0-1: DOUBLE (Line Drive, 8LD)
Batting: RHB Troy Ross 0-0: Ball
1-0: SINGLE (Groundball, 56D)
Shelby Loudenslager to third
Batting: RHB Mink Molendijk 0-0: Ball
1-0: Fly out, F7 (Flyball, 7D)
Runner from 3rd tags up, SCORES, throw made
Batting: RHB Jaxon Dube 0-0: Ball
Troy Ross is caught stealing 2nd base
1-0: Fly out, F8 (Flyball, 8RXD)
Top of the 2nd over - 1 run, 2 hits, 0 errors, 0 left on base; Little Caesars 1 - Athletic Club KC Academy 0
BOTTOM OF THE 2ND
Athletic Club KC Academy batting - Pitching for Little Caesars Hot N Readys : LHP Étienne Leclerc
Batting: LHB Luis Miguel González 0-0: Fly out, F9 (Flyball, 89D)
Batting: RHB Francisco Vigil 0-0: Called Strike
0-1: Ball
1-1: Ball
2-1: Ball
3-1: Foul Ball, location: 2F
3-2: Ground out 4-3 (Groundball, 4)
Batting: LHB Abdallah Rweikiza 0-0: Ground out 5-3 (Groundball, 5)
Bottom of the 2nd over - 0 runs, 0 hits, 0 errors, 0 left on base; Little Caesars 1 - Athletic Club KC Academy 0
TOP OF THE 3RD
Little Caesars Hot N Readys batting - Pitching for Athletic Club KC Academy : RHP Kamisese Alohinani
Batting: RHB Víctor Hernández 0-0: Called Strike
0-1: Ball
1-1: Foul Ball, location: 2F
1-2: Fly out, F9 (Flyball, 9D)
Batting: RHB Cornelio Japón 0-0: Called Strike
0-1: Foul Ball, location: 2F
0-2: Strikes out swinging
Batting: RHB Hamilton Swan 0-0: Ball
1-0: Foul Ball, location: 2F
1-1: Ball
2-1: Ball
3-1: Swinging Strike
3-2: DOUBLE (Line Drive, 89D)
Batting: SHB Roger Dorn 0-0: Foul Ball, location: 2F
0-1: Ball
1-1: SINGLE (Line Drive, 9S)
Hamilton Swan to third
Runner from 3rd tries for Home, SAFE, throw made home
Batting: RHB Lloyd Raaijmakers 0-0: Ball
1-0: Ball
2-0: Foul Ball, location: 2F
2-1: TRIPLE (Flyball, 9D)
Roger Dorn scores
Batting: RHB Shelby Loudenslager 0-0: Fly out, F8 (Flyball, 8LS)
Top of the 3rd over - 2 runs, 3 hits, 0 errors, 1 left on base; Little Caesars 3 - Athletic Club KC Academy 0
BOTTOM OF THE 3RD
Athletic Club KC Academy batting - Pitching for Little Caesars Hot N Readys : LHP Étienne Leclerc
Batting: RHB Chee-hwa Tze 0-0: Ball
1-0: Fly out, F4 (Popup, 4M)
Batting: RHB Leonardo Hernández 0-0: Ball
1-0: Fly out, F9 (Line Drive, 9D)
Batting: SHB Ijsbrand van Hoogewegen 0-0: Ball
1-0: Ball
2-0: Called Strike
2-1: Ball
3-1: Foul Ball, location: 2F
3-2: Base on Balls
Batting: LHB Chi-hun Chong 0-0: Ball
1-0: Called Strike
1-1: Foul Ball, location: 2F
1-2: Strikes out swinging
Bottom of the 3rd over - 0 runs, 0 hits, 0 errors, 1 left on base; Little Caesars 3 - Athletic Club KC Academy 0
TOP OF THE 4TH
Little Caesars Hot N Readys batting - Pitching for Athletic Club KC Academy : RHP Kamisese Alohinani
Batting: RHB Troy Ross 0-0: Called Strike
0-1: SOLO HOME RUN (Flyball, 7LD), Distance : 354 ft
Batting: RHB Mink Molendijk 0-0: Called Strike
0-1: Called Strike
0-2: Ball
1-2: Fly out, F8 (Flyball, 8LM)
Batting: RHB Jaxon Dube 0-0: Called Strike
0-1: Ground out 4-3 (Groundball, 4)
Batting: RHB Víctor Hernández 0-0: Fly out, F8 (Flyball, 78D)
Top of the 4th over - 1 run, 1 hit, 0 errors, 0 left on base; Little Caesars 4 - Athletic Club KC Academy 0
BOTTOM OF THE 4TH
Athletic Club KC Academy batting - Pitching for Little Caesars Hot N Readys : LHP Étienne Leclerc
Batting: LHB Loo Liu 0-0: Ball
1-0: Ball
2-0: Called Strike
2-1: Swinging Strike
2-2: Strikes out swinging
Batting: RHB Troy Whitehurst 0-0: Ball
1-0: Ball
2-0: Ball
3-0: Called Strike
3-1: Fly out, F5 (Line Drive, 5)
Batting: LHB Luis Miguel González 0-0: Ball
1-0: Ball
2-0: Foul Ball, location: 2F
2-1: Fly out, F7 (Flyball, 7D)
Bottom of the 4th over - 0 runs, 0 hits, 0 errors, 0 left on base; Little Caesars 4 - Athletic Club KC Academy 0
TOP OF THE 5TH
Little Caesars Hot N Readys batting - Pitching for Athletic Club KC Academy : RHP Kamisese Alohinani
Batting: RHB Cornelio Japón 0-0: Called Strike
0-1: Fly out, F5 (Popup, 25)
Batting: RHB Hamilton Swan 0-0: Ball
1-0: Foul Ball, location: 2F
1-1: Called Strike
1-2: Ball
2-2: Fly out, F6 (Line Drive, 6)
Batting: SHB Roger Dorn 0-0: Ball
1-0: Ball
2-0: Ball
3-0: Called Strike
3-1: Foul Ball, location: 2F
3-2: Base on Balls
Batting: RHB Lloyd Raaijmakers 0-0: Called Strike
0-1: Swinging Strike
0-2: Fly out, F9 (Flyball, 9)
Top of the 5th over - 0 runs, 0 hits, 0 errors, 1 left on base; Little Caesars 4 - Athletic Club KC Academy 0
BOTTOM OF THE 5TH
Athletic Club KC Academy batting - Pitching for Little Caesars Hot N Readys : LHP Étienne Leclerc
Batting: RHB Francisco Vigil 0-0: Ball
1-0: Ball
2-0: Ball
3-0: Base on Balls
Batting: LHB Abdallah Rweikiza 0-0: SINGLE (Flyball, 7LM)
Francisco Vigil to second
Batting: RHB Chee-hwa Tze 0-0: Ball
1-0: Ball
2-0: Ball
3-0: Called Strike
3-1: Fly out, F8 (Flyball, 8LS)
Batting: RHB Leonardo Hernández 0-0: Ball
1-0: Swinging Strike
1-1: Ground out 6-3 (Groundball, 6S)
Francisco Vigil to third
Abdallah Rweikiza to second
Batting: SHB Ijsbrand van Hoogewegen 0-0: Called Strike
0-1: Called Strike
0-2: Fly out, F8 (Flyball, 89M)
Bottom of the 5th over - 0 runs, 1 hit, 0 errors, 2 left on base; Little Caesars 4 - Athletic Club KC Academy 0
TOP OF THE 6TH
Little Caesars Hot N Readys batting - Pitching for Athletic Club KC Academy : RHP Kamisese Alohinani
Batting: RHB Shelby Loudenslager 0-0: Called Strike
0-1: Ball
1-1: Called Strike
1-2: Strikes out swinging
Batting: RHB Troy Ross 0-0: Swinging Strike
0-1: Ball
1-1: Ground out 5-3 (Groundball, 56S)
Batting: RHB Mink Molendijk 0-0: Called Strike
0-1: Ball
1-1: Foul Ball, location: 2F
1-2: Ball
2-2: Foul Ball, location: 2F
2-2: Ground out 5-3 (Groundball, 56)
Top of the 6th over - 0 runs, 0 hits, 0 errors, 0 left on base; Little Caesars 4 - Athletic Club KC Academy 0
BOTTOM OF THE 6TH
Athletic Club KC Academy batting - Pitching for Little Caesars Hot N Readys : LHP Étienne Leclerc
Batting: LHB Chi-hun Chong 0-0: Ball
1-0: Ground out 1-3 (Groundball, 13S)
Batting: LHB Loo Liu 0-0: Called Strike
0-1: Ball
1-1: Fly out, F9 (Flyball, 89D)
Batting: RHB Troy Whitehurst 0-0: Ball
1-0: Swinging Strike
1-1: Ball
2-1: Foul Ball, location: 2F
2-2: Ball
3-2: Ground out 5-3 (Groundball, 56)
Bottom of the 6th over - 0 runs, 0 hits, 0 errors, 0 left on base; Little Caesars 4 - Athletic Club KC Academy 0
TOP OF THE 7TH
Little Caesars Hot N Readys batting - Pitching for Athletic Club KC Academy : RHP Kamisese Alohinani
Batting: RHB Jaxon Dube 0-0: Foul Ball, location: 2F
0-1: Ball
1-1: Called Strike
1-2: Ball
2-2: Foul Ball, location: 2F
2-2: Foul Ball, location: 2F
2-2: Strikes out swinging
Pitching: RHP Tetsunori Ikarashi
Batting: RHB Víctor Hernández 0-0: Ball
1-0: Foul Ball, location: 2F
1-1: Ball
2-1: Swinging Strike
2-2: Foul Ball, location: 2F
2-2: Foul Ball, location: 2F
2-2: SINGLE (Groundball, 6MD)
Batting: RHB Cornelio Japón 0-0: Ball
1-0: Called Strike
1-1: Called Strike
1-2: Foul Ball, location: 2F
1-2: Ball
2-2: SINGLE (Groundball, 6MD)
Víctor Hernández to second
Víctor Hernández to third
Batting: RHB Hamilton Swan 0-0: Called Strike
0-1: Ball
1-1: Ball
2-1: Foul Ball, location: 2F
2-2: Ball
3-2: Grounds into double play, 6-4-3 (Groundball, 6)
Top of the 7th over - 0 runs, 2 hits, 0 errors, 1 left on base; Little Caesars 4 - Athletic Club KC Academy 0
BOTTOM OF THE 7TH
Athletic Club KC Academy batting - Pitching for Little Caesars Hot N Readys : LHP Étienne Leclerc
Batting: LHB Luis Miguel González 0-0: Fly out, F9 (Flyball, 9D)
Batting: RHB Francisco Vigil 0-0: Ball
1-0: Ball
2-0: Hit by Pitch
Batting: LHB Abdallah Rweikiza 0-0: Swinging Strike
0-1: SINGLE (Line Drive, 78S)
Francisco Vigil to second
Batting: RHB Chee-hwa Tze 0-0: Ground out 6-3 (Groundball, 6S)
Francisco Vigil to third
Abdallah Rweikiza to second
Batting: RHB Leonardo Hernández 0-0: Ball
1-0: Called Strike
1-1: Swinging Strike
1-2: Fly out, F7 (Line Drive, 78D)
Bottom of the 7th over - 0 runs, 1 hit, 0 errors, 2 left on base; Little Caesars 4 - Athletic Club KC Academy 0
TOP OF THE 8TH
Little Caesars Hot N Readys batting - Pitching for Athletic Club KC Academy : RHP Tetsunori Ikarashi
Batting: SHB Roger Dorn 0-0: Ball
1-0: Ball
2-0: Ground out U3 (Groundball, 34)
Batting: RHB Lloyd Raaijmakers 0-0: Ground out 5-3 (Groundball, 56)
Batting: RHB Shelby Loudenslager 0-0: Called Strike
0-1: Ball
1-1: Ball
2-1: Ball
3-1: SINGLE (Flyball, 56D)
Batting: RHB Troy Ross 0-0: Ball
1-0: Fly out, F8 (Flyball, 78D)
Top of the 8th over - 0 runs, 1 hit, 0 errors, 1 left on base; Little Caesars 4 - Athletic Club KC Academy 0
BOTTOM OF THE 8TH
Athletic Club KC Academy batting - Pitching for Little Caesars Hot N Readys : LHP Étienne Leclerc
Batting: SHB Ijsbrand van Hoogewegen 0-0: Ball
1-0: Foul Ball, location: 2F
1-1: Swinging Strike
1-2: SINGLE (Line Drive, 7S)
Batting: LHB Chi-hun Chong 0-0: Fly out, F9 (Flyball, 9S)
Batting: LHB Loo Liu 0-0: Ball
1-0: Swinging Strike
1-1: Ball
2-1: Ball
3-1: Foul Ball, location: 2F
3-2: Fly out, F8 (Flyball, 8RS)
Batting: RHB Troy Whitehurst 0-0: Called Strike
0-1: Ball
1-1: Ball
2-1: Foul Ball, location: 2F
2-2: Ball
3-2: Ground out 6-3 (Groundball, 6)
Bottom of the 8th over - 0 runs, 1 hit, 0 errors, 1 left on base; Little Caesars 4 - Athletic Club KC Academy 0
TOP OF THE 9TH
Little Caesars Hot N Readys batting - Pitching for Athletic Club KC Academy : RHP Tetsunori Ikarashi
Batting: RHB Mink Molendijk 0-0: Ball
1-0: Ball
2-0: Foul Ball, location: 2F
2-1: Swinging Strike
2-2: SINGLE (Line Drive, 56D)
Batting: RHB Jaxon Dube 0-0: Called Strike
0-1: Bunted foul
0-2: Ball
1-2: Foul Ball, location: 2F
1-2: Ball
2-2: Ball
3-2: Foul Ball, location: 2F
3-2: Base on Balls
Mink Molendijk to second
Batting: RHB Víctor Hernández 0-0: Sac Bunt - play at first, batter OUT! 1-3
Mink Molendijk to third
Jaxon Dube to second
Batting: RHB Cornelio Japón 0-0: Ground out 1-3 (Groundball, 13)
Batting: RHB Hamilton Swan 0-0: Called Strike
0-1: Hit by Pitch
Batting: SHB Roger Dorn 0-0: Called Strike
0-1: Called Strike
0-2: Foul Ball, location: 2F
0-2: Foul Ball, location: 2F
0-2: Ball
1-2: Ball
2-2: DOUBLE (Line Drive, 78XD)
Mink Molendijk scores
Jaxon Dube scores
Hamilton Swan to third
Batting: RHB Lloyd Raaijmakers 0-0: Fly out, F9 (Flyball, 9)
Top of the 9th over - 2 runs, 2 hits, 0 errors, 2 left on base; Little Caesars 6 - Athletic Club KC Academy 0
BOTTOM OF THE 9TH
Athletic Club KC Academy batting - Pitching for Little Caesars Hot N Readys : LHP Étienne Leclerc
Now at 2B: Matthias Ballerini
Now in LF: Jen-djieh Cheung
Batting: LHB Luis Miguel González 0-0: Ball
1-0: Foul Ball, location: 2F
1-1: Fly out, F8 (Flyball, 8LXD)
Batting: RHB Francisco Vigil 0-0: Called Strike
0-1: Swinging Strike
0-2: Ball
1-2: SINGLE (Groundball, 6MD)
Batting: LHB Abdallah Rweikiza 0-0: Ball
1-0: Called Strike
1-1: Grounds into double play, 6-4-3 (Groundball, 6)
Bottom of the 9th over - 0 runs, 1 hit, 0 errors, 0 left on base; Little Caesars 6 - Athletic Club KC Academy 0
Saturday, December 22nd, 2018 - OOTP Baseball 18.8 Build 76